 Dungeon Crawl Stone Soup version 0.13.1-17-g0f9d4ff (webtiles) character file.

230 Chiseanne the Skirmisher (level 4, 0/36 HPs)
             Began as a Minotaur Wanderer on Dec 13, 2013.
             Succumbed to poison (a potion of poison)
             ... on Level 2 of the Dungeon.
             The game lasted 00:06:28 (2334 turns).

Chiseanne the Skirmisher (Minotaur Wanderer)        Turns: 2334, Time: 00:06:29

HP   0/36        AC  4     Str 17      XL: 4   Next: 41%
MP   3/3         EV 11     Int  9      God:
Gold 134         SH  0     Dex 10      Spells:  2 memorised,  1 level left

Res.Fire  : . . .   See Invis. : .   p - +0,+1 whip (venom)
Res.Cold  : . . .   Warding    : .   o - +0 orc leather armour
Life Prot.: . . .   Conserve   : .   (no shield)
Res.Poison: .       Res.Corr.  : .   (helmet restricted)
Res.Elec. : .       Clarity    : .   (no cloak)
Sust.Abil.: . .     Spirit.Shd : .   (no gloves)
Res.Mut.  : .       Stasis     : .   l - +0 pair of boots
Res.Rott. : .       Flight     : .   (no amulet)
Saprovore : . . .                    (no ring)
                                     (no ring)

@: mildly poisoned, slightly resistant to hostile enchantments, unstealthy
A: retaliatory headbutt, horns 2
a: no special abilities


You were on level 2 of the Dungeon.
You were hungry.

You visited 1 branch of the dungeon, and saw 2 of its levels.

You collected 84 gold pieces.

Inventory:

Hand weapons
 b - a +1,+1 short sword of venom
 p - a +0,+1 whip of venom (weapon)
Armour
 l - a +0 pair of boots (worn)
 o - a +0 orcish leather armour (worn)
Magical devices
 m - a wand of teleportation (3)
Comestibles
 d - 2 bread rations
 i - a sausage
Scrolls
 c - a scroll of recharging {unknown}
 e - a scroll of enchant weapon II {unknown}
 f - 2 scrolls of identify {unknown}
 h - 4 scrolls of remove curse {unknown}
 j - a scroll of curse armour {unknown}
 k - a scroll of magic mapping {unknown}
 n - a scroll of fog {unknown}
Books
 a - a book of Changes

   Spells                             Type                      Level
   *Beastly Appendage                 Transmutation                1
   Sticks to Snakes                   Transmutation                2
   Spider Form                        Transmutation/Poison         3
   Ice Form                           Ice/Transmutation            4
   Blade Hands                        Transmutation                5


   Skills:
 * Level 4.2 Fighting
 * Level 0.5 Maces & Flails
   Level 1.9 Polearms
 - Level 1.0 Throwing
 * Level 1.0 Armour
 * Level 1.4 Dodging
 - Level 1.0 Stealth
   Level 1.2 Shields
 * Level 0.1 Spellcasting
 * Level 1.7 Transmutations
   Level 2.4 Earth Magic


You had one spell level left.
You knew the following spells:

 Your Spells              Type           Power        Failure   Level  Hunger
a - Beastly Appendage     Trmt           #.....       21%         1    ##.....
b - Freeze                Ice            #...         38%         1    ##.....


Dungeon Overview and Level Annotations

Branches:
Dungeon (2/27)

Altars:


Innate Abilities, Weirdness & Mutations

You reflexively headbutt those who attack you in melee.
You have a pair of horns on your head.


Message History

* * * LOW HITPOINT WARNING * * *
You feel sick. The rat barely misses you.
You hit the rat.
You kill the rat!
* * * LOW HITPOINT WARNING * * *
You feel sick.
You see here a rat corpse.
* * * LOW HITPOINT WARNING * * *
You feel sick.
* * * LOW HITPOINT WARNING * * *
You feel sick.
* * * LOW HITPOINT WARNING * * *
You feel sick.
* * * LOW HITPOINT WARNING * * *
You feel sick.
* * * LOW HITPOINT WARNING * * *
You feel sick.
You are feeling hungry.
A goblin comes into view. It is wielding an elven dagger.
You die...

...$.##########
..............# ####
..............# .....
..............# ......
..............# .).....
..............# .....g.
..............# .....#
..............###.....###
.....%..........@........
#...#..........####.....#
#...###........# ...
#...# #........# . #...#
##......## #..(##
#......## ## .....#
#........ ###.
...(.###........ #...
....(..........
########.#.


You could see a goblin (sleeping).

Vanquished Creatures
  3 gnolls
  A giant mite (D:2)
  3 adders (D:2)
  4 giant geckos
  A ball python (D:2)
  3 giant cockroaches
  2 goblins (D:1)
  2 hobgoblins
  7 kobolds
  2 bats
  2 giant newts
  5 rats
35 creatures vanquished.

Notes
Turn   | Place    | Note
--------------------------------------------------------------
     0 | D:1      | Chiseanne, the Minotaur Wanderer, began the quest for the Orb.
     0 | D:1      | Reached XP level 1. HP: 15/15 MP: 2/2
   220 | D:1      | Reached skill level 3 in Fighting
   222 | D:1      | Reached XP level 2. HP: 13/22 MP: 2/2
   629 | D:1      | Reached skill level 1 in Polearms
  1182 | D:2      | Reached XP level 3. HP: 25/28 MP: 3/3
  1328 | D:2      | Learned a level 1 spell: Beastly Appendage
  1558 | D:2      | Reached skill level 1 in Armour
  1862 | D:2      | Reached skill level 1 in Dodging
  1880 | D:2      | Reached skill level 4 in Fighting
  2156 | D:1      | Reached XP level 4. HP: 32/36 MP: 3/3
  2331 | D:2      | HP: 1/36 [poison (a potion of poison)]
  2334 | D:2      | Succumbed to poison (a potion of poison)

Action                   |  1- 3 |  4- 6 || total
-------------------------+-------+-------++-------
Melee: Spear             |    88 |       ||    88
       Whip              |       |     7 ||     7
Evoke: Wand              |     2 |       ||     2
  Use: Potion            |     1 |     2 ||     3
